cohdb
Replays
Latest Replays
All Replays
Popular Replays
Top Player Replays
Match Explorer
How It Works
Community
CoH3 Stats
Reddit
Sign in to upload your games and track your stats! →
Sign in with Steam
Match 41882683
Unlisted
Match 41882683
Overview
Messages
Build Orders
End
Pioneer Squad
Construct Infanterie Kompanie
MG 42 Machine Gun Team
Selects Mechanized Battlegroup
Grenadier Squad
Grenadier Squad
Construct Panzergrenadier Kompanie
GrW 34 Mortar Team
251 Medium Carrier
Selects Raid Package
Pak 40 Anti-tank Gun Team
Selects StuG Assault Group
StuG Assault Group
Construct Panzer Kompanie
Selects Mobile Repair Stations
Selects UNKNOWN (2160084)
Panther Heavy Tank
Selects Wespe Self-propelled Artillery
Wespe Self-propelled Artillery
Selects Zeroing Artillery Barrage
Zeroing Artillery Barrage
Panther Heavy Tank
Panther Heavy Tank
Zeroing Artillery Barrage
Repair Bunker
TheSlothInChargeOfEconomy
Billy Mitchell
NotQuiteAKing
mattw02823
0
0
Comments
sign in to comment!
No comments posted yet!